 Dungeon Crawl Stone Soup version 0.25.1-2-g60ff931df9 (webtiles) character file.

Game seed: 2656092526920072858

11285 Johnny the Geomancer (level 11, 0/86 HPs)
             Began as a Demigod Earth Elementalist on Oct 3, 2020.
             Slain by a wyvern (9 damage)
             ... on level 10 of the Dungeon.
             The game lasted 00:13:34 (12074 turns).

Johnny the Geomancer (Demigod Earth Elementalist)  Turns: 12074, Time: 00:13:35

Health: 0/86       AC:  9    Str: 11    XL:     11   Next: 23%
Magic:  11/28      EV:  9    Int: 31    God:
Gold:   160        SH:  5    Dex: 16    Spells: 19/28 levels left

rFire    . . .     SeeInvis .   h - +0 hand axe (elec)
rCold    . . .     Gourm    .   (no shield)
rNeg     . . .     Faith    .   O - +0 scale mail of Xuiviem {*Contam Int+6} (curse)
rPois    .         Spirit   .   (no helmet)
rElec    .         Reflect  +   (no cloak)
rCorr    .         Harm     .   j - +2 pair of gloves
MR       +....                  (no boots)
Stlth    +.........             A - amulet of reflection
HPRegen  0.24/turn              y - +4 ring of protection
MPRegen  0.21/turn              (no ring)

@: mighty, corroded, slowed, very slow
A: high mp 1
a: no special abilities


You were on level 10 of the Dungeon.
You were very hungry.

You visited 1 branch of the dungeon, and saw 10 of its levels.
You also visited: Ossuary.

You collected 392 gold pieces.
You spent 232 gold pieces at shops.

Inventory:

Hand Weapons
 b - a +0 dagger
 h - a +0 hand axe of electrocution (weapon)
 D - a +1 spear of venom
Missiles
 f - 146 stones (quivered)
Armour
 j - a +2 pair of gloves (worn)
 n - a +0 robe of cold resistance
 O - the cursed +0 scale mail of Xuiviem (worn) {*Contam Int+6}
   (You found it on level 9 of the Dungeon)

   It affects your intelligence (+6).
   It causes magical contamination when unequipped.
   It has a curse placed upon it.
Jewellery
 y - a +4 ring of protection (left hand)
 A - an amulet of reflection (around neck)
 K - an uncursed amulet of regeneration {unknown}
 L - a +6 ring of strength {unknown}
 M - an uncursed ring of see invisible {unknown}
Wands
 c - a wand of acid (29)
 x - a wand of digging (13)
 J - a wand of iceblast (2)
 N - a wand of flame (11)
 R - a wand of disintegration (11)
Scrolls
 a - 4 scrolls of teleportation
 e - 8 scrolls of remove curse
 g - a scroll of enchant weapon {unknown}
 m - a scroll of enchant armour
 v - 4 scrolls of amnesia
 z - a scroll of fog
 B - a scroll of silence
 C - 5 scrolls of immolation
 E - a scroll of torment
 F - a scroll of magic mapping
 P - a scroll of vulnerability {unknown}
 Q - 2 scrolls of summoning
Potions
 k - 3 potions of berserk rage
 l - 2 potions of invisibility {unknown}
 o - a potion of mutation
 p - 2 potions of haste {unknown}
 q - 7 potions of heal wounds {unknown}
 s - 5 potions of degeneration {unknown}
 t - 2 potions of lignification {unknown}
 u - 2 potions of stabbing {unknown}
 G - a potion of flight {unknown}
 H - a potion of magic {unknown}
 I - a potion of ambrosia {unknown}
Comestibles
 d - 7 rations


   Skills:
 - Level 5.0 Fighting
 - Level 1.7 Dodging
 - Level 1.7 Stealth
 + Level 9.4 Spellcasting
   Level 0.8 Transmutations
 * Level 13.8 Earth Magic


You had 19 spell levels left.
You knew the following spells:

 Your Spells              Type           Power        Failure   Level  Hunger
a - Sandblast             Erth           ######       1%          1    None
b - Stone Arrow           Conj/Erth      ######       3%          3    None
c - Lee's Rapid Deconstr  Erth           #######...   1%          5    ###....

Your spell library contained the following spells:

 Spells                   Type           Power        Failure   Level  Hunger
 Passwall                 Tmut/Erth      ######..     1%          2    None
 Petrify                  Tmut/Erth      ######..     11%         4    None
 Infusion                 Chrm           ##..         22%         1    None
 Shroud of Golubria       Chrm/Tloc      ##....       32%         2    None
 Song of Slaying          Chrm           ##......     32%         2    None
 Ozocubu's Armour         Chrm/Ice       ##......     54%         3    None
 Spectral Weapon          Hex/Chrm       ##......     54%         3    None


Dungeon Overview and Level Annotations

Branches:
Dungeon (10/15)            Temple (0/1) D:7            Lair (0/6) D:9
Ossuary (visited)
    Orc: D:9-12

Shops:
D:5 *   D:7 ?[[[

Annotations:
D:10 Erica, Erolcha, Grum, Urug


Innate Abilities, Weirdness & Mutations

You have an increased reservoir of magic. (+10% MP)


Message History

Unknown command.
You see here 2 javelins.
It was a potion of might.
You feel very mighty all of a sudden.
Your surroundings suddenly seem different.
The hound barks!
The wyvern bites you.
* * * LOW HITPOINT WARNING * * *
The wolf pauses to sniff the ground.
The wyvern bites you but does no damage.
Okay, then.
Okay, then.
Evoke which item? (* to show all) (? for menu, Esc to quit)
Okay, then.
Okay, then.
As you read the scroll labeled MAEZUE EDAL, it crumbles to dust.
Wisps of shadow whirl around you...
It was a scroll of summoning.
The wolf howls!
The wyvern barely misses you. The wyvern bites you!
You die...

#........# #.....[..#
..#####.###..##..
.....).†.y#[.# #.
#......#.hg..##..
###...T#aZ.#..).#
#######.oy..##.....#
##.hZ.##.....###..#..
###..W@.#.l...oT.#.##..
#.....l.#.....o..ha..Z.
##..#.)sh....[...{...g.
#..#..##.#............
.......##.h.........#..
#.#..#......h.......†T..
...........##..h....$....
...≈≈≈.....$.............
##≈##.......##.........


You could see a wyvern, 3 wolves, a hound, a friendly wraith (summoned), a
friendly scorpion (summoned), a friendly hound (summoned) and a friendly hound
zombie (summoned).

Vanquished Creatures
  Snorg (D:10)
  Grinder (D:5)
  Prince Ribbit (D:7)
  2 hippogriffs
  6 yaks (D:9)
  A hungry ghost (D:9)
  A water moccasin (D:8)
  5 sky beasts
  A necrophage (D:9)
  4 phantoms
  3 centaurs
  3 ogres
  A big kobold (D:8)
  An elf zombie (Ossuary)
  6 bullfrogs
  A scorpion (D:8)
  11 killer bees
  An electric eel (D:7)
  5 wights (D:8)
  A crimson imp (D:6)
  3 jellies
  A bullfrog zombie (D:5)
  2 hounds
  3 centaur zombies
  5 orc wizards
  A quasit (D:9)
  An orc priest (D:8)
  A bullfrog skeleton (D:4)
  An iguana (D:8)
  6 worker ants
  3 ogre zombies (Ossuary)
  2 big kobold zombies (Ossuary)
  A hound zombie (D:5)
  2 hound skeletons
  7 mummies (Ossuary)
  7 adders
  7 gnolls (D:3)
  An ooze (D:4)
  3 adder skeletons
  3 adder zombies (Ossuary)
  7 worms
  A dart slug (D:5)
  3 leopard geckos
  24 orcs
  2 giant cockroaches
  6 goblins
  11 hobgoblins
  12 jackals
  6 quokkas
  3 ball pythons
  A ball python skeleton (D:5)
  2 bats (D:3)
  5 frilled lizards
  A giant cockroach zombie (D:5)
  4 goblin zombies (Ossuary)
  4 hobgoblin zombies (Ossuary)
  7 kobolds
  5 kobold zombies (Ossuary)
  A leopard gecko zombie (D:5)
  3 quokka zombies
  9 rats
  4 rat zombies (Ossuary)
237 creatures vanquished.

Notes
Turn   | Place    | Note
-------+----------+-------------------------------------------
     0 | D:1      | Johnny the Demigod Earth Elementalist began the quest for
                  | the Orb.
     0 | D:1      | Reached XP level 1. HP: 14/14 MP: 5/5
   254 | D:1      | Reached skill level 3 in Earth Magic
   680 | D:1      | Reached XP level 2. HP: 20/20 MP: 4/7
  1583 | D:2      | Reached XP level 3. HP: 26/26 MP: 5/9
  2085 | D:2      | Found an ornate altar of the Wu Jian Council.
  2088 | D:2      | Found a hazy altar of Hepliaklqana.
  2091 | D:2      | Found a snail-covered altar of Cheibriados.
  2559 | D:3      | Reached skill level 4 in Earth Magic
  2669 | D:3      | Reached XP level 4. HP: 14/33 MP: 2/10
  2886 | D:3      | Found a faded altar of an unknown god.
  3343 | D:3      | Noticed a phantom
  3350 | D:3      | Reached XP level 5. HP: 36/38 MP: 12/12
  3364 | D:3      | Killed a phantom
  3364 | D:3      | Reached skill level 5 in Earth Magic
  3453 | D:3      | Learned a level 3 spell: Stone Arrow
  3911 | D:4      | Found an opulent altar of Gozag.
  4179 | D:4      | Reached XP level 6. HP: 7/45 MP: 7/14
  4190 | D:4      | HP: 2/45 [poisoned by a worker ant]
  4198 | D:4      | HP: 1/45 [poisoned by a worker ant]
  4206 | D:4      | HP: 1/45 [poisoned by a worker ant]
  4602 | D:4      | Reached skill level 6 in Earth Magic
  5286 | D:5      | Entered Level 5 of the Dungeon
  5286 | D:5      | Noticed Grinder
  5307 | D:5      | Paralysed by Grinder for 7 turns
  5315 | D:5      | Killed Grinder
  5315 | D:5      | Reached XP level 7. HP: 50/50 MP: 13/16
  5431 | D:5      | Reached skill level 7 in Earth Magic
  6110 | D:5      | Found Ugunodo's General Store.
  6114 | D:5      | Bought a potion of mutation for 96 gold pieces
  6114 | D:5      | Bought a scroll of identify for 24 gold pieces
  6120 | D:5      | Bought 20 stones for 24 gold pieces
  6120 | D:5      | Bought 24 stones for 28 gold pieces
  7130 | D:6      | Reached skill level 5 in Spellcasting
  7188 | D:6      | Reached XP level 8. HP: 41/57 MP: 17/19
  7310 | D:6      | Reached skill level 8 in Earth Magic
  7475 | D:6      | Learned a level 5 spell: Lee's Rapid Deconstruction
  7964 | D:7      | Found Atuovear's Antique Armour Shoppe.
  8275 | D:7      | Found Annes's Magic Scroll Boutique.
  8280 | D:7      | Bought a scroll of identify for 30 gold pieces
  8280 | D:7      | Bought a scroll of identify for 30 gold pieces
  8283 | D:7      | Reached skill level 5 in Fighting
  8283 | D:7      | Reached skill level 11 in Earth Magic
  8283 | D:7      | Reached XP level 9. HP: 74/74 MP: 20/24
  8284 | D:7      | Reached skill level 12 in Earth Magic
  8284 | D:7      | Reached XP level 10. HP: 81/81 MP: 20/26
  8355 | D:7      | Noticed Prince Ribbit
  8360 | D:7      | Killed Prince Ribbit
  8483 | D:7      | Found a staircase to the Ecumenical Temple.
  8495 | D:7      | Found Zaitom's Armour Boutique.
  8518 | D:7      | Found Inubbos's Armour Shoppe.
  8799 | D:7      | Found a shadowy altar of Dithmenos.
  8900 | D:8      | Found a radiant altar of Vehumet.
  8935 | D:8      | Reached skill level 13 in Earth Magic
  8950 | D:8      | Found a sand-covered staircase.
  8959 | Ossuary  | Entered an ossuary
 11434 | D:9      | Found a staircase to the Lair.
 11464 | D:9      | Reached XP level 11. HP: 73/86 MP: 8/28
 11981 | D:9      | Got a fine scale mail
 11992 | D:9      | Identified the cursed +0 scale mail of Xuiviem {*Contam
                  | Int+6} (You found it on level 9 of the Dungeon)
 12010 | D:10     | Entered Level 10 of the Dungeon
 12037 | D:10     | Noticed Snorg
 12044 | D:10     | Noticed Erica
 12045 | D:10     | Killed Snorg
 12045 | D:10     | Noticed Erolcha
 12050 | D:10     | Noticed Grum
 12067 | D:10     | Noticed Urug
 12074 | D:10     | Slain by a wyvern

Illustrated notes

Levels and vault maps discovered:
D:1:      saegor_arrival_simple_a, layout_loops_cross
D:2:      layout_loops_ring, grunt_temple_overflow_diamond, minmay_distorted
D:3:      layout_loops_corners, chequers_ecumenical_altar_simple,
          grunt_ministairs_8, st_stairs_1
D:4:      layout_basic, nicolae_overflow_crystal_walls, first_ration,
          st_stairs_3
D:5:      layout_loops_ring, serial_shops, shop, saegor_snake_ambush,
          uniq_grinder
D:6:      layout_gridville
D:7:      statuecave_lemuel, layout_rooms, kennysheep_mini,
          minmay_temple_entry_crystal_x, serial_shops, shop,
          kennysheep_little_box, kennysheep_mini_moat, nicolae_shop_stone,
          uniq_prince_ribbit1
D:8:      layout_cave_pods, vehumet_crystals, nicolae_ossuary_entry_ruins
D:9:      layout_small_grid, dpeg_oklobed_lair
D:10:     layout_cave_pools, ebering_ghost_inner_flame, minivault_15,
          hangedman_pestilent_swarm, uniq_urug, uniq_erica, uniq_grum,
          uniq_snorg, uniq_erolcha

Skill      XL: |  1  2  3  4  5  6  7  8  9 10 |
---------------+-------------------------------+-----
Earth Magic    | 3 4 5 6 7 11 12 13 | 13.8
Spellcasting   | 2 3 4 5 7 8 9 |  9.4
Fighting       | 5 |  5.0
Dodging        | |  1.7
Stealth        | |  1.7
Transmutations | |  0.8

Action                   |  1- 3 |  4- 6 |  7- 9 | 10-12 || total
-------------------------+-------+-------+-------+-------++-------
Melee: Unarmed           |    11 |       |       |       ||    11
       Dagger            |    60 |    57 |       |       ||   117
       Hand axe          |       |    18 |   146 |   207 ||   371
 Cast: Sandblast         |    58 |    56 |    21 |    40 ||   175
       Stone Arrow       |       |       |    21 |    60 ||    81
       Lee's Rapid Decon |       |       |       |    11 ||    11
Evoke: Wand              |       |     4 |       |    12 ||    16
  Use: Scroll            |       |     1 |    11 |    10 ||    22
       Potion            |       |       |     2 |     2 ||     4
 Stab: Sleeping          |     6 |     2 |     4 |    11 ||    23
       Distracted        |       |       |       |     1 ||     1
  Eat: Chunk             |     6 |     7 |     8 |    10 ||    31
       Ration            |       |       |     1 |     1 ||     2
Armor: Robe              |    18 |    28 |    56 |    72 ||   174
       Scale mail        |       |       |       |    25 ||    25
Dodge: Dodged            |    59 |    57 |   108 |   118 ||   342
Block: Other             |       |       |    11 |    53 ||    64
       Reflection        |       |       |       |     3 ||     3
